 Dungeon Crawl Stone Soup version 0.30-a0-634-g8abc85282e (webtiles) character file.

Game seed: 10731033801837380006

21 benadryl the Magician (level 2, -1/15 HPs)
             Began as a Deep Elf Conjurer on Jan 14, 2023.
             Slain by a jackal (2 damage)
             ... on level 1 of the Dungeon.
             The game lasted 00:01:28 (457 turns).

benadryl the Magician (Deep Elf Conjurer)            Turns: 457, Time: 00:01:28

Health: -1/15      AC:  2    Str:  4    XL:     2   Next: 65%
Magic:  0/9        EV: 12    Int: 22    God:
Gold:   31         SH:  0    Dex: 13    Spells: 9/10 levels left

rFire   . . .      SeeInvis .    c - +0 dagger
rCold   . . .      Faith    .    (no shield)
rNeg    . . .      Spirit   .    a - +0 robe
rPois   .          Reflect  .    (no helmet)
rElec   .          Harm     .    (no cloak)
rCorr   .          Rampage  .    (no gloves)
Will    .....                    (no boots)
Stlth   ++                       (no amulet)
HPRegen 0.22/turn                (no ring)
MPRegen 0.11/turn                (no ring)

@: no status effects
A: no striking features
a: no special abilities


You were on level 1 of the Dungeon.
You visited 1 branch of the dungeon, and saw 1 of its levels.

You collected 31 gold pieces.

Inventory:

Hand Weapons
 c - a +0 dagger (weapon)
Armour
 a - a +0 robe (worn)
Jewellery
 f - a +6 ring of dexterity
Scrolls
 e - a scroll of immolation
Potions
 b - a potion of magic


   Skills:
 - Level 2.4 Dodging
 - Level 2.4 Stealth
 + Level 4.6 Spellcasting
 - Level 4.3 Conjurations


You had 9 spell levels left.
You knew the following spells:

 Your Spells              Type           Power      Damage    Failure   Level
a - Magic Dart            Conj           96%        1d7       1%          1

Your spell library contained the following spells:

 Spells                   Type           Power      Damage    Failure   Level
 Searing Ray              Conj           48%        2d6       2%          2
 Summon Small Mammal      Summ           20%        N/A       11%         1
 Dazzling Flash           Conj/Hex       28%        N/A       13%         3
 Call Canine Familiar     Summ           5%         N/A       32%         3
 Summon Guardian Golem    Hex/Summ       5%         N/A       32%         3
 Fulminant Prism          Conj/Hex       7%         3d7       38%         4
 Iskenderun's Mystic Bla  Conj/Tloc      14%        2d5       38%         4


Dungeon Overview and Level Annotations

Branches:
Dungeon (1/15)

Altars:


Message History

A jackal comes into view.
The jackal barks!
You hit the kobold but do no damage. The jackal bites you.
The kobold hits you with a +0 short sword.
The jackal barely misses you.
Aiming: Magic Dart (safe; 1% risk of failure)
Press: ? - help, Q - select action Shift-Dir - straight line, f - jackal
Aim: a jackal (100% to hit)
The magic dart hits the jackal.
The jackal is heavily wounded.
The jackal barks!
The jackal bites you.
Okay, then.
You don't have enough magic to cast this spell.
You don't have enough magic to cast this spell.
Unknown command.
You hit the jackal.
The jackal is almost dead.
The jackal barely misses you. x2; The kobold closely misses you.
You hit the jackal but do no damage.
The jackal is almost dead.
The jackal closely misses you. The jackal bites you.
The kobold completely misses you. The jackal misses you.
The jackal closely misses you.
You miss the jackal.
The jackal is almost dead.
The jackal bites you.
* * * LOW HITPOINT WARNING * * *
The jackal bites you.
* * * LOW HITPOINT WARNING * * *
The kobold hits you but does no damage.
As you read the scroll labelled FIMAN MACOMURGH, it crumbles to dust.
It is a scroll of identify.
e - a scroll of immolation The jackal bites you.
* * * LOW HITPOINT WARNING * * *
The jackal bites you.
* * * LOW HITPOINT WARNING * * *
The kobold misses you. The jackal bites you.
You die...

#.....>#.....# #...###
##...†.(......# . #...# #
....†.........#.# #.#####
............#.#.#.#.#....
..........##......#....##
....†....#.#........#..#
#......##.#.......#....#
.#....#h##....###...#.###
#.#..#.#@#...............
. #.. #h#K†....###...##.#
#.. ##†...............#
#.. #......####....###
#.. #.........#....#
#......##.#....# .#.....#
#....# .#.#....# ......#
.# ##....###.....#


You could see 2 jackals and a kobold.

Vanquished Creatures
  A dart slug (D:1)
  2 bats (D:1)
  2 endoplasms (D:1)
  A giant cockroach (D:1)
  A hobgoblin (D:1)
  4 jackals (D:1)
  A quokka (D:1)
  A frilled lizard (D:1)
  2 goblins (D:1)
  2 rats (D:1)
17 creatures vanquished.

Notes
Turn   | Place    | Note
-------+----------+-------------------------------------------
     0 | D:1      | benadryl the Deep Elf Conjurer began the quest for the Orb.
     0 | D:1      | Reached XP level 1. HP: 10/10 MP: 6/6
   253 | D:1      | Reached XP level 2. HP: 15/15 MP: 3/9
   457 | D:1      | Slain by a jackal

Illustrated notes

Levels and vault maps discovered:
D:1:      shiori_arrival_maze, layout_basic, minmay_misc_feat_secret_circle,
          minmay_misc_feat_nine_boxes, st_stairs_13

Skill      XL: |  1 |
---------------+----+-----
Spellcasting   | 4 |  4.6
Dodging        | |  2.4
Stealth        | |  2.4
Conjurations   | |  4.3

Action                   || total
-------------------------++-------
Melee: Dagger            ||     9
 Cast: Magic Dart        ||    28
  Use: Scroll            ||     1
Armor: Robe              ||     3
Dodge: Dodged            ||    16

Table legend: (Time is in decaauts)
 A = Elapsed time spent in this place.
 B = Non-inter-level travel time spent in this place.
 C = Inter-level travel time spent in this place.
 D = Time resting spent in this place.
 E = Time spent auto-exploring this place.
 F = Levels seen in this place.
 G = Mean time per level.
                   A        B        C        D        E       F      G
               +--------+--------+--------+--------+--------+-----+--------+
         Total |    456 |    456 |      0 |     68 |    304 |   1 |  456.0 |
       Dungeon |    456 |    456 |      0 |     68 |    304 |   1 |  456.0 |
               +--------+--------+--------+--------+--------+-----+--------+

Top non-repeatable levels by time:
     D:1: 456 daAuts
